Map: Ley Lines

Players

wootwoot - Winner!

  • Race: Terran Terran
  • League: Platinum
  • Spawn Location: 7:00

Defyiance

  • Race: Zerg Zerg
  • League: Gold
  • Spawn Location: 1:00

VOD

Have the link to the VOD?

Description

Time

  • Played on: April 1, 2025, 7:59 p.m.
  • Length: 6:32
Show
View Real Time Build Order
Export as new Build Order

wootwoot Terran - Winner!

Build Orders: 2 Factory, Gas First Reaper Expand 

Get SALT Encoding   

  12  0:00  SCV  
  13  0:12  SCV  
  14  0:17  Supply Depot  
  14  0:24  SCV  
  15  0:29  Refinery  
  15  0:38  SCV  
  16  0:44  Barracks  
  16  0:50  SCV  
  17  1:03  SCV  
  18  1:15  SCV  
  19  1:31  Orbital Command, Reaper  
  20  1:42  Command Center  
  20  1:53  Factory  
  20  1:57  SCV  
  21  2:02  Refinery  
  21  2:06  Barracks Reactor  
  21  2:09  SCV  
  21  2:14  Supply Depot  
  22  2:21  SCV  
  23  2:35  SCV  
  24  2:38  Factory  
  24  2:47  SCV  
  25  2:53  Hellion  
  25  2:54  Orbital Command, Hellion  
  29  3:02  SCV  
  29  3:03  Barracks Tech Lab  
  30  3:13  Orbital Command  
  30  3:14  SCV  
  30  3:18  Hellion x2  
  35  3:26  SCV  
  36  3:29  Mag-Field Accelerator  
  36  3:30  Cyclone  
  39  3:39  SCV x2  
  41  3:43  Supply Depot  
  41  3:47  Supply Depot  
  41  3:51  SCV  
  42  3:56  SCV  
  43  4:03  SCV  
  43  4:08  SCV  
  45  4:15  SCV, Factory  
  45  4:16  Factory  
  45  4:17  Factory  
  46  4:19  Refinery  
  46  4:20  SCV  
  46  4:21  Refinery  
  47  4:27  SCV  
  48  4:32  Supply Depot  
  48  4:33  SCV  
  48  4:35  Supply Depot  
  49  4:39  SCV  
  49  4:42  Cyclone  
  49  4:44  Hellion  
  49  4:45  SCV  
  56  4:46  Hellion  
  56  4:51  SCV  
  59  5:00  Factory Tech Lab  
  59  5:01  Factory Reactor, Factory Tech Lab  
  59  5:05  SCV  
  59  5:06  SCV  
  61  5:11  Infernal Pre-Igniter  
  61  5:17  SCV  
  61  5:20  Cyclone x2  
  68  5:27  Supply Depot x2  
  68  5:30  Cyclone  
  71  5:38  Hellion x3  
  77  5:49  Hellion  
  79  5:54  Cyclone  
  79  5:55  Cyclone  
  85  5:59  Hellion  
  83  6:12  SCV  
  83  6:13  SCV  
Show
View Real Time Build Order
Export as new Build Order

Defyiance Zerg 

Build Orders: Pool First 

Get SALT Encoding   

  12  0:00  Drone  
  13  0:12  Overlord  
  13  0:16  Drone  
  14  0:30  Drone  
  15  0:37  Spawning Pool  
  15  0:40  Drone  
  15  0:45  Drone  
  15  0:48  Drone  
  17  1:08  Hatchery  
  16  1:11  Drone  
  17  1:24  Zergling x4  
  19  1:28  Zergling x2  
  19  1:32  Queen  
  20  1:37  Extractor  
  21  1:41  Overlord  
  21  1:49  Drone  
  22  2:00  Drone  
  23  2:08  Queen  
  24  2:29  Queen  
  26  2:30  Drone x3  
  26  2:31  Drone  
  28  2:54  Metabolic Boost  
  28  2:58  Drone x3  
  31  3:08  Zergling x6  
  31  3:09  Zergling x2  
  31  3:10  Hatchery  
  34  3:15  Overlord  
  34  3:34  Drone x4  
  34  3:35  Drone x4  
  34  3:40  Overlord  
  42  3:48  Zergling x2  
  43  3:50  Zergling x2  
  43  3:51  Overlord  
  44  4:01  Queen  
  46  4:03  Pneumatized Carapace  
  46  4:06  Drone x2  
  48  4:35  Drone x8  
  48  4:36  Drone x2  
  57  4:50  Lair  
  57  4:52  Overlord x2  
  57  4:53  Extractor  
  56  5:08  Queen, Baneling Nest, Extractor  
  56  5:09  Drone x2, Extractor  
  56  5:10  Roach Warren, Queen, Drone x2  
  56  5:12  Drone x2  
  56  5:13  Overlord  
  62  5:16  Zergling x6  
  65  5:26  Overlord  
  65  5:27  Overlord, Extractor x2  
  63  5:34  Drone x3  
  67  5:35  Drone  
  67  5:36  Drone x2  
  67  5:37  Drone x2  
  67  5:38  Drone  
  72  5:50  Drone  
  72  5:51  Infestation Pit  
Tags
 
Add a new tag
Caveats
  • Supply blocks, unpowered buildings, or Contaminate may cause inaccurate times.
  • Supply counts are checked every 10 seconds.